 Dungeon Crawl Stone Soup version 0.32-a0-43-g058985b245 (webtiles) character file.

Game seed: 4546077989867453008

242866 MirrorBreaker the Convoker (level 18, -2/140 HPs)
             Began as a Mummy Summoner on Feb 4, 2024.
             Was an Initiate of Gozag.
             Slain by a spark wasp (25 damage)
             ... on level 3 of the Spider Nest.
             The game lasted 01:39:42 (52484 turns).

MirrorBreaker the Convoker (Mummy Summoner)        Turns: 52484, Time: 01:39:42

Health: -2/140     AC:  6    Str: 13      XL:     18   Next: 69%
Magic:  1/46       EV: 24    Int: 20 (21) God:    Gozag
Gold:   4953       SH:  5    Dex: 10 (12) Spells: 8/48 levels left

rFire   + . .        g - +8 rapier of Theory {elec, rPois}
rCold   + + +        (no shield)
rNeg    + + +        F - +0 troll leather armour
rPois   ∞            p - +1 hat {SInv}
rElec   +            (no cloak)
rCorr   +            J - +0 pair of gloves of Goeroong {rElec rC+ Will+ MP+9}
SInv    +            l - +0 pair of boots
Will    +++..        u - amulet of reflection
Stlth   ++++         e - ring of protection from fire
HPRegen 1.23/turn    k - ring of the Hare {EV+10}
MPRegen 0.30/turn

%: reflection, faith
@: brilliant, resistant, hasted, very quick
A: cold resistance 1, negative energy resistance 3, torment resistance 2, heat
vulnerability 1, in touch with death 2, no potions, faith
}: 2/15 runes: decaying, gossamer
a: Renounce Religion, Potion Petition, Call Merchant, Bribe Branch


You were on level 3 of the Spider Nest.
You worshipped Gozag.
Gozag was most pleased with you.
You visited 6 branches of the dungeon, and saw 31 of its levels.
You also visited: Ice Cave and Volcano.

You collected 13738 gold pieces.
You spent 2307 gold pieces at shops.
You paid 6478 gold pieces to Gozag.

Inventory:

Hand Weapons
 d - a +0 short sword
 f - a +1 dagger of venom
 g - the +8 rapier of Theory (weapon) {elec, rPois}
   (You found it on level 3 of the Lair of Beasts)

   rPois:     It protects you from poison
Missiles
 r - 2 throwing nets
 I - 11 curare-tipped darts
Armour
 a - a +0 robe
 l - a +0 pair of boots (worn)
 m - a +0 cloak
 p - a +1 hat of see invisible (worn)
 x - +0 steam dragon scales
 F - a +0 troll leather armour (worn)
 H - +0 acid dragon scales
 J - the +0 pair of gloves of Goeroong (worn) {rElec rC+ Will+ MP+9}
   (You found it on level 1 of the Lair of Beasts)

   rC+:       It protects you from cold.
   rElec:     It insulates you from electricity.
   Will+:     It increases your willpower.
   MP+9:      It affects your magic capacity (+9).
Jewellery
 e - a ring of protection from fire (left hand)
 k - the ring of the Hare (right hand) {EV+10}
   (You bought it in a shop on level 10 of the Dungeon)

   [ring of evasion]

   EV+10:     It affects your evasion (+10).
 q - a +6 ring of intelligence
 u - an amulet of reflection (around neck)
 B - a +6 ring of dexterity
 K - the dreamshard necklace {Acrobat *Dream}
   (You found it on level 3 of the Spider Nest)

   [amulet of the acrobat]

   *Dream:    It absorbs a single lethal wound into itself, holding its wearer
   just short of death and releasing dream-creatures to guard them.
   Acrobat:   It increases your evasion while moving and waiting.
 L - a ring of ice
 M - a ring of protection from cold
 N - a ring of willpower
 O - a ring of protection from cold
 P - a ring of protection from fire
 Q - a ring of resist corrosion
 S - a ring of protection from cold
 T - the ring "Urphaum" {rPois Str+6}
   (You found it on level 7 of the Dungeon)

   [ring of strength]

   Str+6:     It affects your strength (+6).
   rPois:     It protects you from poison
 W - the ring "Upseiclu" {rElec rF- Str+6 Int+2}
   (You found it on level 2 of the Spider Nest)

   [ring of strength]

   Str+6:     It affects your strength (+6).
   Int+2:     It affects your intelligence (+2).
   rF-:       It makes you vulnerable to fire.
   rElec:     It insulates you from electricity.
Wands
 c - a wand of acid (7)
 i - a wand of roots (12)
 t - a wand of charming (28)
 v - a wand of digging (4)
 A - a wand of flame (42)
 E - a wand of polymorph (11)
Scrolls
 b - 20 scrolls of identify {@r1}
 h - 4 scrolls of fog {@r2}
 j - 15 scrolls of teleportation {@r3}
 n - 2 scrolls of enchant weapon
 o - 3 scrolls of brand weapon
 s - 2 scrolls of vulnerability {!r}
 w - 4 scrolls of noise
 y - 2 scrolls of poison
 z - 6 scrolls of amnesia
 C - 4 scrolls of immolation
 G - 2 scrolls of enchant armour
 U - 3 scrolls of summoning {!r}
Miscellaneous
 D - a box of beasts
 R - a lightning rod (4/4)


   Skills:
 + Level 11.8 Fighting
 - Level 10.0 Dodging
 - Level 10.0 Stealth
 + Level 15.7 Spellcasting
 - Level 7.0 Hexes
 + Level 19.5 Summonings
 + Level 7.3 Translocations
 - Level 5.0 Air Magic


You had 8 spell levels left.
You knew the following spells:

 Your Spells              Type           Power      Damage    Failure   Level
b - Blink                 Tloc           100%       N/A       1%          2
c - Call Canine Familiar  Summ           96%        N/A       0%          3
g - Malign Gateway        Summ/Tloc      40%        N/A       17%         7
h - Summon Horrible Thin  Summ           48%        N/A       11%         8
l - Summon Lightning Spi  Summ/Air       77%        N/A       1%          4
m - Summon Mana Viper     Hex/Summ       80%        N/A       1%          5
p - Passage of Golubria   Tloc           61%        N/A       2%          4
M - Monstrous Menagerie   Summ           48%        N/A       1%          7

Your spell library contained the following spells:

 Spells                   Type           Power      Damage    Failure   Level
 Summon Small Mammal      Summ           100%       N/A       0%          1
 Call Imp                 Summ           100%       N/A       0%          2
 Shock                    Conj/Air       100%       1d9       1%          1
 Slow                     Hex            100%       N/A       1%          1
 Lesser Beckoning         Tloc           100%       N/A       1%          2
 Momentum Strike          Conj/Tloc      90%        3d10      1%          2
 Confusing Touch          Hex            60%        N/A       1%          3
 Sigil of Binding         Hex            60%        N/A       1%          3
 Summon Ice Beast         Ice/Summ       70%        N/A       1%          3
 Swiftness                Air            52%        N/A       1%          3
 Animate Armour           Summ/Erth      100%       N/A       1%          4
 Martyr's Knell           Necr/Summ      100%       N/A       1%          4
 Summon Blazeheart Golem  Fire/Summ      70%        N/A       1%          4
 Cigotuvi's Dreadful Rot  Necr/Alch/Air  100%       N/A       3%          2
 Volatile Blastmotes      Fire/Tloc      90%        2d17      3%          3
 Magic Dart               Conj           92%        1d7       4%          1
 Sandblast                Erth           46%        2d11      4%          1
 Airstrike                Air            26%        2d(4-20)  6%          4
 Searing Ray              Conj           46%        2d6       8%          2
 Iskenderun's Mystic Bla  Conj/Tloc      45%        2d10      11%         4
 Silence                  Hex/Air        28%        N/A       12%         5
 Passwall                 Erth           23%        N/A       14%         3
 Stone Arrow              Conj/Erth      46%        3d9       14%         3
 Vampiric Draining        Necr           52%        2d9       14%         3
 Brom's Barrelling Bould  Conj/Erth      23%        2d4       43%         4
 Dispel Undead            Necr           52%        3d19      43%         4
 Fulminant Prism          Conj/Alch      11%        3d8       43%         4
 Petrify                  Alch/Erth      23%        N/A       43%         4
 Haunt                    Necr/Summ      55%        N/A       58%         7
 Fireball                 Conj/Fire      11%        3d7       80%         5
 Irradiate                Conj/Alch      11%        3d15      80%         5
 Iskenderun's Battlesphe  Conj           23%        2d8       80%         5
 Lee's Rapid Deconstruct  Erth           11%        3d8*      80%         5
 Conjure Ball Lightning   Conj/Air       19%        3x3d6     95%         6
 Death Channel            Necr           26%        N/A       100%        6
 Orb of Destruction       Conj           11%        9d6       100%        7
 Lehudib's Crystal Spear  Conj/Erth      11%        10d4      100%        8
 Fire Storm               Conj/Fire      11%        8d3       100%        9
 Sublimation of Blood     Necr           Unusable   N/A       N/A         2
 Borgnjor's Revivificati  Necr           Unusable   N/A       N/A         8
 Death's Door             Necr           Unusable   N/A       N/A         9

Dungeon Overview and Level Annotations

Branches:
Dungeon (15/15) Temple (1/1) D:7 Lair (5/5) D:10 Swamp (4/4) Lair:3 Spider (4/4) Lair:3 Slime (0/5) Lair:4 Orc (2/2) D:10 Elf (0/3) Orc:2 Vaults (0/5) D:13 D:14 Depths (0/4) D:15 IceCv (visited) Volcano (visited)

Altars:
Ashenzari
Cheibriados
Dithmenos
Fedhas
Gozag
Hepliaklqana
Kikubaaqudgha
Makhleb
Nemelex Xobeh
Okawaru
Qazlal
Ru
Sif Muna
Trog
Uskayaw
Vehumet
Wu Jian
Xom
Yredelemnul
Jiyva

Shops:
D:3 !   D:10 =::=   Orc:1 ?   Orc:2 *=(?

Annotations:
Spider:3 exclusion: orange crystal statue


Innate Abilities, Weirdness & Mutations

You are immune to poison.
Your flesh is cold resistant. (rC+)
You are immune to negative energy. (rN+++)
You are immune to unholy pain and torment.
You are vulnerable to heat. (rF-)
You are strongly in touch with the powers of death.
You do not drink.
You have a special connection with the divine. (Faith)


Message History

You block the redback's attack. The spark wasp stings you!
The spark wasp shocks you. You resist.
* * * LOW HITPOINT WARNING * * *
The broodmother bites your eldritch tentacle.
A spider bursts forth from the wound!
The radroach bites your eldritch tentacle!!
The radroach claws your eldritch tentacle!
The redback misses you. The spark wasp misses you.
The broodmother bites your eldritch tentacle!
The redback closely misses you. The spark wasp stings you!!
* * * LOW HITPOINT WARNING * * *
The spark wasp shocks you. You resist.
* * * LOW HITPOINT WARNING * * *
Something completely misses your eldritch tentacle.
Something claws your eldritch tentacle but does no damage.
The broodmother bites your eldritch tentacle!
A spider bursts forth from the wound!
The broodmother bites your eldritch tentacle segment!!
The redback misses you.
Unknown command.
Read: 4 scrolls of summoning {!r}
Press: ? - help, Q - select action, (/) - cycle Dir - look around, f - activate Look: a redback (summoned)
As you read the scroll of summoning {!r}, it crumbles to dust.
Wisps of shadow whirl around you... The spark wasp stings you!
* * * LOW HITPOINT WARNING * * *
The spark wasp shocks you. You resist.
* * * LOW HITPOINT WARNING * * *
You block the redback's attack. [a] - 377 gold - heal wounds, might and brilliance [b] - 480 gold - resistance, might and haste [c] - 435 gold - heal wounds and resistance Purchase which effect?
You feel much better.
You feel protected. The spark wasp stings you!!
You die...
Your body crumbles into a pile of gold.

.......###.#....8.y..#.# #...#
#..###..^#.#.)#wB.#..#.# ##....
#..#.^...#.#.#.s*s.#.#.#####^.#..
......)#.#.#..$.$[$..#.##.#.^###.
^.#....###.##8:sy}!8##.##....#.#.
####....##..#########..#.......##
..#.....###.....yB.s..##.##...##
..^....## #####s.y########...##
.#...#..# #s@###..>.##..#####
.##.^#### ##..#.#.....##.....#
####...# #s......###..#.....# #
##.## ##........######..### #
##..# #....#....## #...# ##...#
####..##.##..# #...#
#...#####.##...###.^#####...#
#.............##....###.#...#
##...^..........#...##......##


You could see 2 broodmothers, a radroach, a ghost moth (invisible), a spark wasp
(ally target), a tarantella (summoned), a redback (summoned, ally target), a
friendly eldritch tentacle, a friendly entropy weaver (summoned), a friendly
spark wasp (summoned), a friendly wolf spider (summoned), a friendly jumping
spider (summoned) and a friendly redback (summoned).

Vanquished Creatures
  A fire giant (D:14)
  A ghost moth (Spider:4)
  A broodmother (Spider:4)
  Fannar (Lair:3)
  An ice dragon (D:14)
  A rakshasa (D:14)
  2 hydras
  A radroach (Spider:4)
  A ghost crab (Swamp:1)
  2 two-headed ogres
  3 boulder beetles
  An alligator (Swamp:4)
  4 centaur warriors
  2 death yaks
  Lodul (D:14)
  A spriggan druid (Swamp:3)
  A sun moth (Spider:4)
  A steelbarb worm (Spider:3)
  An orc sorcerer (Orc:2)
  A deep elf pyromancer (D:14)
  An ugly thing (D:14)
  3 wolf spiders
  A will-o-the-wisp (Swamp:3)
  A moth of wrath (shapeshifter) (Spider:1)
  A black mamba (Lair:5)
  2 torpor snails
  2 elephants (Lair:5)
  2 cane toads (Lair:4)
  2 yaktaurs (D:15)
  A rime drake (Lair:5)
  A kobold demonologist (D:10)
  A komodo dragon (Lair:5)
  2 trolls
  A tyrant leech (Swamp:1)
  2 tarantellas
  4 blink frogs
  A dream sheep (Lair:5)
  A slime creature (D:12)
  6 jumping spiders
  2 culicivoras
  A human (D:14)
  5 yaks
  A swamp worm (Swamp:1)
  A redback (Spider:1)
  2 water moccasins
  A sky beast (D:8)
  5 orc warriors
  3 ogres (Orc:2)
  A centaur (D:13)
  A wolf (Lair:5)
  A phantom (D:6)
  9 nameless horrors
  2 bullfrogs
  A scorpion (D:5)
  A killer bee (D:9)
  5 electric eels
  2 hounds (D:6)
  8 orc priests
  2 iguanas (D:6)
  7 orc wizards
  A wolf simulacrum (IceCv)
  4 adders
  A gnoll (D:6)
  An ufetubus (D:7)
  12 orcs
  A ball python (D:2)
  7 bats
  2 giant cockroaches
  3 goblins (D:3)
  3 hobgoblins
  2 jackals
  3 kobolds
  A rat (D:1)
165 creatures vanquished.

Vanquished Creatures (collateral kills)
  Nikola (Spider:1)
  The ghost of contendunt the Acrobat, an adept MiFi of Okawaru (Swamp:2)
  Jorgrun (D:14)
  Rupert (Spider:1)
  A tentacled monstrosity (Swamp:2)
  Gastronok (D:12)
  Frances (D:13)
  A thorn hunter (Swamp:4)
  A tengu reaver (D:14)
  A storm dragon (D:14)
  2 fenstrider witches
  4 emperor scorpions
  2 ghouls (Swamp:2)
  3 ghost moths
  An orc warlord (Orc:2)
  5 bunyips
  The ghost of AceOff the Protected, a journeyman MiFi of Makhleb (D:13)
  A broodmother (Spider:2)
  Azrael (Spider:3)
  An eleionoma (Swamp:4)
  A dire elephant (Lair:5)
  2 ettins
  Josephine (D:10)
  3 shambling mangroves
  An entropy weaver (Spider:4)
  25 hydras
  2 ogre magi
  9 centaur warriors
  A radroach (Spider:4)
  2 ghost crabs
  Erica (Orc:1)
  6 alligators
  8 boulder beetles
  2 jorogumos
  A catoblepas (Lair:5)
  5 demonic crawlers
  14 death yaks
  5 two-headed ogres
  2 tengu warriors
  An occultist (D:14)
  A hell knight (D:15)
  6 orc high priests (Orc:2)
  A sun demon (Volcano)
  A fire crab (Lair:4)
  6 pharaoh ants
  3 skeletal warriors (D:12)
  3 goliath frogs
  2 sun moths
  4 spriggan druids
  10 swamp dragons
  6 orb spiders
  A deep troll (D:14)
  8 bog bodies
  7 steelbarb worms
  A deep elf pyromancer (D:15)
  3 lindwurms (Lair:5)
  6 orc sorcerers
  6 orc knights
  19 wolf spiders
  A necromancer (D:15)
  A deep elf zephyrmancer (D:14)
  5 ugly things
  4 will-o-the-wisps
  13 elephants
  3 moths of wrath
  3 manticores
  A cyclops (D:15)
  5 kobold blastminers
  2 black mambas (Lair:5)
  2 molten gargoyles (Volcano)
  Joseph (D:9)
  3 gargoyles
  9 cane toads
  4 torpor snails
  3 freezing wraiths
  Maggie (D:9)
  2 efreet (D:14)
  4 komodo dragons
  2 ice devils (Lair:2)
  6 yaktaurs (D:15)
  4 rime drakes
  A rime drake (shapeshifter) (D:14)
  3 tengu conjurers
  A red devil (Volcano)
  6 trolls
  2 polar bears
  21 tarantellas
  15 hornets
  6 tyrant leeches
  Grinder (D:4)
  18 blink frogs
  2 slime creatures (D:12)
  11 dream sheep
  15 culicivoras
  2 shadows
  45 jumping spiders
  7 spriggans
  A dire elephant simulacrum (IceCv)
  A yak (shapeshifter) (D:14)
  A vampire (D:12)
  2 fire bats (Volcano)
  5 wraiths
  4 wyverns
  34 yaks
  9 nameless horrors
  5 basilisks
  15 humans
  A steam dragon (D:8)
  6 wargs
  39 redbacks
  Grum (D:6)
  A fire elemental (Spider:3)
  12 vampire mosquitoes
  11 swamp worms
  2 acid dragons
  13 water moccasins
  4 hell hounds
  5 swamp drakes
  3 ice beasts
  49 orc warriors
  2 black bears
  A laughing skull (D:14)
  22 centaurs
  20 ogres
  5 wolves
  2 phantoms (D:5)
  3 kobold brigands
  12 bullfrogs
  A scorpion (D:10)
  A cane toad simulacrum (IceCv)
  15 wights
  An elephant simulacrum (IceCv)
  10 killer bees
  2 electric eels
  5 howler monkeys
  6 lava snakes (Volcano)
  2 bombardier beetles
  11 hounds (D:6)
  2 jellies (D:5)
  2 gnoll boudas
  28 orc priests
  3 sleepcaps
  14 orc wizards
  4 hell rats
  An iguana (D:5)
  A polar bear simulacrum (IceCv)
  A wolf simulacrum (IceCv)
  2 adders
  31 gnolls
  3 river rats (Lair:4)
  A white imp (D:8)
  3 ufetubi
  3 dart slugs
  A ribbon worm (D:4)
  83 orcs
  4 ball pythons
  3 endoplasms
  4 giant cockroaches
  5 goblins
  6 hobgoblins
  8 jackals
  18 kobolds
  A quokka (D:1)
  A bat (D:1)
  3 frilled lizards
  9 rats
  A butterfly (D:7)
1043 creatures vanquished.

Vanquished Creatures (others)
  3 eldritch tentacles (Swamp:2)
  Nessos (D:13)
  A demonic crawler (Spider:1)
  A steelbarb worm (Spider:1)
  A hornet (Swamp:2)
  2 bloated husks (Swamp:3)
  15 foxfires
24 creatures vanquished.

Grand Total: 1232 creatures vanquished

Notes
Turn   | Place    | Note
-------+----------+-------------------------------------------
     0 | D:1      | MirrorBreaker the Mummy Summoner began the quest for the
                  | Orb.
     0 | D:1      | Reached XP level 1. HP: 13/13 MP: 4/4
   256 | D:1      | Reached XP level 2. HP: 12/19 MP: 1/6
  1155 | D:1      | Reached XP level 3. HP: 24/24 MP: 5/8
  1713 | D:2      | Got the Disquisition on Hot Erosion
  1949 | D:2      | Learned a level 3 spell: Call Canine Familiar
  1957 | D:2      | Reached skill level 4 in Summonings
  1966 | D:2      | Reached XP level 4. HP: 19/30 MP: 2/10
  2839 | D:2      | Learned a level 4 spell: Summon Lightning Spire
  2948 | D:3      | Found Ninoa's Distillery.
  2959 | D:3      | Reached skill level 5 in Spellcasting
  2959 | D:3      | Reached XP level 5. HP: 35/35 MP: 6/12
  3178 | D:3      | Found a stormy altar of Qazlal.
  3227 | D:3      | Reached skill level 1 in Air Magic
  3999 | D:4      | Reached XP level 6. HP: 36/41 MP: 10/14
  4306 | D:4      | Found a basalt altar of Yredelemnul.
  4546 | D:4      | Noticed Grinder
  4550 | D:4      | Paralysed by Grinder for 2 turns
  4567 | D:4      | Killed Grinder
  4568 | D:4      | Reached skill level 5 in Summonings
  4568 | D:4      | Reached XP level 7. HP: 34/46 MP: 11/16
  4821 | D:4      | Found a radiant altar of Vehumet.
  4990 | D:5      | Entered Level 5 of the Dungeon
  5531 | D:5      | Reached XP level 8. HP: 52/52 MP: 8/19
  5618 | D:5      | Found a shimmering altar of Xom.
  5619 | D:5      | Found a hazy altar of Hepliaklqana.
  5639 | D:5      | Noticed a spectral ugly thing
  5901 | D:5      | Reached skill level 6 in Summonings
  7059 | D:6      | Reached XP level 9. HP: 57/57 MP: 14/22
  7109 | D:6      | Found a blossoming altar of Fedhas.
  7115 | D:6      | Reached skill level 5 in Air Magic
  7368 | D:6      | Reached skill level 7 in Summonings
  7462 | D:6      | Found a sparkling altar of Nemelex Xobeh.
  7633 | D:6      | Noticed Grum
  7636 | D:6      | Killed Grum
  7883 | D:7      | Identified the ring "Urphaum" {rPois Str+6}
  7965 | D:7      | Reached skill level 10 in Spellcasting
  8132 | D:7      | Found a staircase to the Ecumenical Temple.
  8234 | Temple   | Entered the Ecumenical Temple
  8309 | D:7      | Found a snail-covered altar of Cheibriados.
  8602 | D:8      | Reached skill level 8 in Summonings
  9015 | D:8      | Reached XP level 10. HP: 63/63 MP: 20/25
 10052 | D:9      | Reached skill level 9 in Summonings
 10583 | D:9      | Noticed Maggie
 10595 | D:9      | Killed Maggie
 10922 | D:9      | Noticed Joseph
 10948 | D:9      | Killed Joseph
 11198 | D:10     | Entered Level 10 of the Dungeon
 11309 | D:10     | Found a staircase to the Orcish Mines.
 11375 | D:10     | Found an opulent altar of Gozag.
 11471 | D:10     | Noticed Josephine
 11483 | D:10     | Reached skill level 10 in Summonings
 11492 | D:10     | Killed Josephine
 11493 | D:10     | Reached XP level 11. HP: 68/68 MP: 19/28
 11589 | D:10     | Found an iron altar of Okawaru.
 11943 | D:10     | Found a staircase to the Lair.
 11952 | D:10     | Reached skill level 11 in Summonings
 12098 | D:10     | Found a shadowy altar of Dithmenos.
 12202 | D:10     | Found a hide-covered altar of Uskayaw.
 12217 | D:10     | Reached skill level 1 in Fighting
 12317 | D:10     | Became a worshipper of Gozag Ym Sagoz the Greedy
 12356 | Lair:1   | Entered Level 1 of the Lair of Beasts
 12685 | Lair:1   | Found a dark tunnel.
 12696 | Volcano  | Entered a volcano
 13081 | Volcano  | Found a bloodstained altar of Trog.
 13081 | Volcano  | Noticed a red ugly thing
 13081 | Volcano  | Noticed a sun demon
 13081 | Volcano  | Noticed a red ugly thing
 13108 | Volcano  | Killed a sun demon
 13114 | Volcano  | Killed a red ugly thing
 13117 | Volcano  | Killed a red ugly thing
 13254 | Volcano  | Noticed an orc sorcerer
 13265 | Volcano  | Killed an orc sorcerer
 13318 | Volcano  | Reached XP level 12. HP: 84/84 MP: 8/30
 13897 | Lair:1   | Reached skill level 5 in Fighting
 13974 | Lair:1   | Reached skill level 5 in Stealth
 14191 | Lair:1   | Identified the +0 pair of gloves of Goeroong {rElec rC+
                  | Will+ MP+9}
 14520 | Lair:2   | Reached skill level 5 in Dodging
 14532 | Lair:2   | Found a frozen archway.
 14564 | IceCv    | Entered an ice cave
 15040 | Lair:2   | Noticed a seven-headed hydra
 15051 | Lair:2   | Killed a seven-headed hydra
 15162 | Lair:2   | Noticed a five-headed hydra
 15386 | Lair:2   | Killed a five-headed hydra
 15866 | Lair:2   | Identified a scroll of acquirement
 15890 | Lair:3   | Noticed a six-headed hydra
 15920 | Lair:3   | Killed a six-headed hydra
 15955 | Lair:3   | Identified the +8 rapier of Theory {elec, rPois}
 16062 | Lair:3   | Found a staircase to the Swamp.
 16072 | Lair:3   | Noticed Fannar
 16087 | Lair:3   | Killed Fannar
 16088 | Lair:3   | Gained mutation: You are strongly in touch with the powers
                  | of death. [Mummy growth]
 16088 | Lair:3   | Reached XP level 13. HP: 93/98 MP: 23/31
 16306 | Lair:3   | Found a hole to the Spider Nest.
 17110 | Lair:3   | Learned a level 5 spell: Summon Mana Viper
 17681 | Lair:4   | Reached skill level 1 in Hexes
 17996 | Lair:4   | Found a viscous altar of Jiyva.
 17997 | Lair:4   | Found a staircase to the Slime Pits.
 18623 | Lair:4   | Acquired 632 gold pieces
 18657 | Lair:5   | Entered Level 5 of the Lair of Beasts
 19147 | Lair:5   | Reached XP level 14. HP: 88/109 MP: 25/32
 19736 | Lair:5   | Reached skill level 10 in Fighting
 20353 | Lair:5   | Reached skill level 5 in Hexes
 20773 | Lair:5   | Reached skill level 10 in Stealth
 21106 | Orc:1    | Entered Level 1 of the Orcish Mines
 21455 | Orc:1    | Noticed Erica
 21468 | Orc:1    | Killed Erica
 21649 | Orc:2    | Entered Level 2 of the Orcish Mines
 22612 | Orc:2    | Reached skill level 10 in Dodging
 22631 | Orc:2    | Reached skill level 1 in Translocations
 22932 | Orc:2    | Noticed an orc warlord
 23355 | Orc:1    | Found Otaat's Magic Scroll Boutique.
 23362 | Orc:1    | Bought a scroll of acquirement for 676 gold pieces
 23362 | Orc:1    | Bought a scroll of teleportation for 39 gold pieces
 23434 | Orc:1    | Acquired 538 gold pieces
 23618 | Orc:2    | Found Ceakug's General Store.
 23784 | Orc:2    | Reached XP level 15. HP: 97/115 MP: 31/33
 23955 | Orc:2    | Found Uthugy's Jewellery Shoppe.
 24617 | Orc:2    | Found Caomaf's Magic Scroll Emporium.
 24636 | Orc:2    | Bought a scroll of fear for 56 gold pieces
 24744 | Orc:2    | Found Diriugg's Weapon Shop.
 24927 | Orc:2    | Identified the +11 shortbow of the Special Stories {heavy,
                  | Dex+4}
 25055 | Orc:2    | Found a staircase to the Elven Halls.
 25430 | D:10     | Bought the ring of the Hare {EV+10} for 1536 gold pieces
 25430 | D:10     | Found the ring of the Hare {EV+10}
 26943 | D:12     | Reached skill level 12 in Summonings
 27021 | D:12     | Reached skill level 5 in Translocations
 27528 | D:12     | Noticed Gastronok
 27547 | D:12     | Killed Gastronok
 27961 | D:13     | Noticed Frances
 27975 | D:13     | Killed Frances
 28379 | D:13     | Found a transporter.
 28379 | D:13     | Noticed AceOff's ghost (journeyman MiFi)
 28382 | D:13     | Identified the +9 great mace of Virtue {freeze, Dex+4}
 28384 | D:13     | Found a transporter.
 28410 | D:13     | Noticed Nessos
 28414 | D:13     | Killed Nessos
 28954 | D:14     | Noticed Lodul
 28954 | D:14     | Found a gate to the Vaults.
 28971 | D:13     | Reached skill level 13 in Summonings
 29523 | D:14     | Killed Lodul
 29880 | D:14     | Noticed a fire giant
 29880 | D:14     | Noticed a storm dragon
 29988 | D:14     | Reached skill level 14 in Summonings
 30139 | D:14     | Found a blossoming altar of Fedhas.
 30365 | D:14     | Killed a fire giant
 30419 | D:14     | Learned a level 7 spell: Monstrous Menagerie
 31084 | D:14     | Killed a storm dragon
 31085 | D:14     | Reached XP level 16. HP: 122/122 MP: 16/34
 31373 | D:14     | Noticed Jorgrun
 31373 | D:14     | Noticed a tengu reaver
 31513 | D:14     | Killed Jorgrun
 31799 | D:14     | Identified the +3 quarterstaff "Yleocifas" {heavy, rElec}
 31814 | D:14     | Got The Lost History of the Hierophant
 31869 | D:14     | Killed a tengu reaver
 32019 | D:15     | Entered Level 15 of the Dungeon
 32318 | D:15     | Reached skill level 15 in Summonings
 32626 | D:15     | Found a staircase to the Depths.
 33777 | D:15     | Upgraded the game from 0.32-a0-42-ga30500b4d3 to
                  | 0.32-a0-43-g058985b245
 33957 | Swamp:1  | Entered Level 1 of the Swamp
 35170 | Swamp:2  | Reached skill level 16 in Summonings
 35285 | Swamp:2  | Noticed contendunt's ghost (adept MiFi)
 35463 | Swamp:2  | Noticed a tentacled monstrosity
 35620 | Swamp:2  | Found a runed translucent gate.
 35620 | Swamp:2  | Found a runed translucent gate.
 35627 | Swamp:2  | Found a runed translucent gate.
 36067 | Swamp:2  | Found a blossoming altar of Fedhas.
 38141 | Spider:1 | Entered Level 1 of the Spider Nest
 38563 | Spider:1 | Reached skill level 17 in Summonings
 38624 | Spider:1 | Noticed Nikola
 38756 | Spider:1 | Killed Nikola
 38871 | Spider:1 | Noticed Rupert
 38885 | Spider:1 | HP: 4/122 [Rupert/+0 great sword of freezing (35)]
 38885 | Spider:1 | HP: 1/122 [Rupert/+0 great sword of freezing (3)]
 39109 | Spider:1 | Reached XP level 17. HP: 22/128 MP: 28/35
 39620 | Spider:1 | Identified the +10 war axe of Might {holy, *Noise MP+9
                  | Int+3}
 40082 | Spider:1 | Killed Rupert
 41569 | Spider:2 | Identified the ring "Upseiclu" {rElec rF- Str+6 Int+2}
 41594 | Spider:2 | Reached skill level 18 in Summonings
 43534 | Spider:3 | Noticed Azrael
 43544 | Spider:3 | Killed Azrael
 43791 | Spider:3 | Found a transporter.
 43799 | Spider:3 | Found the dreamshard necklace {Acrobat *Dream}
 43800 | Spider:3 | Found a transporter.
 44533 | Spider:3 | Learned a level 8 spell: Summon Horrible Things
 44534 | Spider:4 | Entered Level 4 of the Spider Nest
 45193 | Spider:4 | Reached skill level 19 in Summonings
 46521 | Spider:4 | Reached XP level 18. HP: 96/136 MP: 1/36
 47770 | Spider:4 | Got a gossamer rune of Zot
 47890 | Lair:3   | Learned a level 2 spell: Blink
 47895 | Lair:3   | Learned a level 4 spell: Passage of Golubria
 47903 | Lair:3   | Learned a level 7 spell: Malign Gateway
 47987 | Swamp:4  | Entered Level 4 of the Swamp
 48478 | Swamp:4  | Reached skill level 15 in Spellcasting
 49682 | Swamp:4  | Got a decaying rune of Zot
 50496 | Swamp:4  | Identified the +1 robe of Juasukutt {rC+ Regen+}
 51237 | D:13     | Killed AceOff's ghost
 51642 | Swamp:2  | Killed a tentacled monstrosity
 52086 | Swamp:2  | Killed contendunt's ghost
 52264 | Swamp:2  | Identified the +9 spear of Keatygup {freeze, rN++ Will-}
 52483 | Spider:3 | HP: 5/140 [spark wasp (13)]
 52483 | Spider:3 | HP: 1/140 [spark wasp (4)]
 52484 | Spider:3 | Slain by a spark wasp

Illustrated notes

Levels and vault maps discovered:
D:1:      saegor_arrival_simple_a, layout_basic, minmay_domino_4
D:2:      layout_loops_ring, basic_altar
D:3:      layout_basic, nicolae_qazlal_scattered_showers, elyvilon_altar_5,
          serial_shops, nicolae_shop_industrial_runoff
D:4:      layout_basic, mainiacjoe_overflow_surrounded_room,
          chequers_temple_overflow_statue_of_worship, uniq_grinder
D:5:      layout_basic, regret_index_temple_of_mockery
D:6:      layout_cave_pools, mainiacjoe_overflow_chevrons,
          mainiacjoe_overflow_alcove_2, serial_gnoll_camp,
          gnoll_camp_mini_loothouse, gnoll_camp_mini_doghouse,
          gnoll_camp_mini_doghouse, grums_kennel, hangedman_decor_peaks_small,
          supply_closet_lemuel
D:7:      layout_basic, general_overflow_altar, minmay_temple_entry_butterflies
D:8:      layout_basic, minivault_10
D:9:      layout_loops_ring, zin_statuary, hangedman_decor_slide_cut,
          skrybe_limestone_x, uniq_maggie, uniq_joseph
D:10:     layout_cave_pools, mainiacjoe_overflow_six_doors_small,
          mainiacjoe_overflow_paths, nicolae_overflow_crystal_walls,
          mainiacjoe_overflow_boulevard, grunt_lair_entry_orc_guard_hut,
          orc_0_dummy, uniq_josephine
D:11:     layout_layer_cave, nicolae_twisting_strands
D:12:     layout_roguey, uniq_gastronok
D:13:     layout_grid_maze, gammafunk_ghost_smash, uniq_frances, uniq_nessos
D:14:     cheibrodos_leafed_vault, layout_loops_ring, david_vaults_3,
          hangedman_abyss_or_decor_stabs, gauntlet_entry_generic,
          fedhas_altar_fruit_tree, uniq_jorgrun
D:15:     hangedman_depths_entry_civil_slaughter, layout_irregular_city
Temple:   nicolae_temple_ecumenical_triangle
Lair:1:   layout_hall_layers, nicolae_volcano_entry_lava_flow,
          chequers_serial_rivers_small_b, grunt_forest_large_clearings
Lair:2:   layout_chaotic_city, portal_ice_cave_demonic_guard,
          serial_bayou_shore_a, lemuel_fruit_tree
Lair:3:   layout_loops_ring, skrybe_swamp_entry_bodies,
          nicolae_spider_entry_orb_guardian, grunt_megastairs_3, uniq_fannar
Lair:4:   layout_cellular_growth, dpeg_slime_entry_enclosed,
          kennysheep_abandoned_house, infiniplex_staircase_pool_2,
          grunt_megastairs_5
Lair:5:   hangedman_lair_in_review, layout_regular_city
Swamp:1:  layout_falls_marsh, nicolae_swamp_fairy_circle
Swamp:2:  layout_basic_swamp, gammafunk_ghost_split, lemuel_altar_in_water2
Swamp:3:  layout_basic_swamp, evilmike_swamp_ruin_house_5,
          infiniplex_staircase_pool, nicolae_swamp_tree_isthmus
Swamp:4:  swamp_alternative, layout_basic_swamp, nicolae_swamp_small_spring
Spider:1: nicolae_spider_jumping_over_cracks [nicolae_spider_jumping_sub_plain,
          nicolae_spider_jumping_sub_rim, nicolae_spider_jumping_sub_pools,
          nicolae_spider_jumping_sub_moat], hellmonk_deceptive_appearances,
          uniq_rupert, uniq_nikola
Spider:2: layout_spider_delve
Spider:3: gammafunk_sealed_arena, uniq_azrael
Spider:4: spider_rune_water
Orc:1:    layout_caves, serial_shops, nicolae_shop_behind_doors, basic_altar,
          nicolae_orc_minecarts, uniq_erica
Orc:2:    pubby_orc_utopia

Skill      XL: |  1  2  3  4  5  6  7  8  9 10 11 12 13 14 15 16 17 18 |
---------------+-------------------------------------------------------+-----
Spellcasting   | 3 4 5 6 7 9 11 13 14 15 | 15.7
Summonings     | 4 5 6 8 10 11 14 17 19 | 19.5
Air Magic      | 1 2 3 4 5 |  5.0
Fighting       | 4 7 9 10 11 | 11.8
Stealth        | 4 7 9 10 | 10.0
Dodging        | 4 6 8 10 | 10.0
Hexes          | 3 7 |  7.0
Translocations | 2 5 7 |  7.3

Action                     |  1- 3 |  4- 6 |  7- 9 | 10-12 | 13-15 | 16-18 || total
---------------------------+-------+-------+-------+-------+-------+-------++-------
  Melee: Unarmed           |    27 |       |       |       |       |       ||    27
         Short sword       |    12 |    27 |       |       |       |       ||    39
         Dagger            |       |    64 |   121 |   146 |       |       ||   331
         Punch             |       |     2 |     2 |     2 |     8 |     7 ||    21
         Rapier            |       |       |       |     1 |   320 |   280 ||   601
   Cast: Summon Small Mamm |    86 |    55 |    42 |    29 |    28 |     2 ||   242
         Call Canine Famil |     2 |    25 |    53 |    71 |   105 |    52 ||   308
         Summon Lightning  |       |       |    31 |   118 |   204 |    66 ||   419
         Summon Mana Viper |       |       |       |       |   150 |   151 ||   301
         Monstrous Menager |       |       |       |       |     9 |   376 ||   385
         Malign Gateway    |       |       |       |       |       |     4 ||     4
         Summon Horrible T |       |       |       |       |       |     2 ||     2
 Invoke: Call Merchant     |       |       |       |       |     4 |       ||     4
         Potion Petition   |       |       |       |       |       |     6 ||     6
  Evoke: Wand              |       |       |       |    13 |     7 |    12 ||    32
         Box of beasts     |       |       |       |       |     1 |       ||     1
    Use: Scroll            |       |       |       |    22 |     9 |    12 ||    43
   Stab: Distracted        |     1 |       |     1 |     5 |    18 |    14 ||    39
         Sleeping          |       |       |       |       |    13 |     2 ||    15
         Held in net/web   |       |       |       |       |       |     1 ||     1
         Paralysed         |       |       |       |       |       |     1 ||     1
 Armour: Robe              |    49 |    61 |   119 |       |       |       ||   229
         Steam dragon scal |       |       |       |    71 |       |       ||    71
         Troll leather arm |       |       |       |   141 |   354 |   390 ||   885
  Dodge: Dodged            |    61 |    58 |   129 |   151 |   472 |   716 ||  1587
  Block: Other             |       |       |       |       |    89 |   116 ||   205
         Reflection        |       |       |       |       |    17 |     7 ||    24

Table legend: (Time is in decaauts)
 A = Elapsed time spent in this place.
 B = Non-inter-level travel time spent in this place.
 C = Inter-level travel time spent in this place.
 D = Time resting spent in this place.
 E = Time spent auto-exploring this place.
 F = Levels seen in this place.
 G = Mean time per level.
                   A        B        C        D        E       F      G
               +--------+--------+--------+--------+--------+-----+--------+
         Total |  53011 |  50023 |   2988 |   4740 |  36456 |  33 | 1606.4 |
       Dungeon |  21451 |  20373 |   1078 |   1380 |  15318 |  15 | 1430.1 |
        Temple |      1 |      1 |      0 |      0 |      0 |   1 |    1.0 |
          Lair |   7913 |   7223 |    690 |    755 |   4947 |   5 | 1582.6 |
         Swamp |   8148 |   7723 |    425 |    628 |   6090 |   4 | 2037.0 |
   Spider Nest |   9884 |   9291 |    593 |   1400 |   6564 |   4 | 2471.0 |
  Orcish Mines |   4325 |   4126 |    199 |    317 |   2871 |   2 | 2162.5 |
      Ice Cave |    363 |    363 |      0 |    107 |    151 |   1 |  363.0 |
       Volcano |    923 |    923 |      0 |    153 |    512 |   1 |  923.0 |
               +--------+--------+--------+--------+--------+-----+--------+

Top non-repeatable levels by time:
   Orc:2: 3312 daAuts
Spider:4: 2826 daAuts
    D:14: 2699 daAuts
Spider:1: 2639 daAuts
 Swamp:4: 2598 daAuts
  Lair:5: 2334 daAuts
Spider:3: 2302 daAuts
 Swamp:3: 2263 daAuts
Spider:2: 2115 daAuts
    D:13: 2100 daAuts
    D:15: 1790 daAuts
  Lair:4: 1732 daAuts
     D:1: 1712 daAuts
 Swamp:1: 1661 daAuts
 Swamp:2: 1624 daAuts
